Influenza vs Sasquatch
Created - March 8, 2020 at 21:16
Goals
|
| Influenza |
2 |
1 |
4 |
7 |
| Sasquatch |
0 |
1 |
2 |
3 |
|
Shots
|
| Influenza |
10 |
7 |
22 |
39 |
| Sasquatch |
11 |
8 |
8 |
27 |
|
1st period
1. Influenza , Kasperi Kapanen 9 (Dmitry Sinitsyn 17, Zac Dalpe 23) at 7:01
2. Influenza , Ryan Dzingel 29 (Paul Ladue 22, Calvin de Haan 35) at 8:39 (PP)
Penalties :
Dylan Sikura (Gat) for Hooking (Minor) at 8:04, Andre Burakovsky (VJB) for Hooking (Minor) at 12:45
2nd period
3. Influenza , Lucas Lessio 16 (Paul Ladue 23, Calvin de Haan 36) at 10:35
4. Sasquatch , T.J. Tynan 7 (Jerry D'Amigo 7, Brock Trotter 13) at 14:26
Penalties :
Matt Halischuk (Gat) for High sticking (Minor) at 10:43, Garret Ross (Gat) for Hooking (Minor) at 14:59, Ryan Dzingel (VJB) for Unsportsmanlike conduct (Minor) at 17:47
3rd period
5. Influenza , Iiro Pakarinen 19 (Calvin de Haan 37, Bo Horvat 38) at 0:53
6. Influenza , Lucas Lessio 17 (Colton Sissons 11) at 6:59
7. Sasquatch , Quinton Howden 15 (Brett Pesce 16) at 8:10
8. Sasquatch , Matt Halischuk 34 (Jujhar Khaira 28) at 9:47
9. Influenza , Paul Ladue 8 (Andre Burakovsky 48, Iiro Pakarinen 32) at 14:31
10. Influenza , Jacob Josefson 8 (Luca Sbisa 20, Tom Kuhnhackl 5) at 17:41
Penalties :
Brett Pesce (Gat) for Tripping (Minor) at 11:09
Goalie Stats
Malcolm Subban (VJB), 24 saves from 27 shots - (0.889), W, 19-23-2, 60:00 minutes
Joonas Korpisalo (Gat), 18 saves from 21 shots - (0.857), 19:07 minutes
Corey Crawford (Gat), 14 saves from 18 shots - (0.778), L, 5-4-0, 40:53 minutes
Players Stats for Influenza
Player Name G A P +/- PIM S H SB GA TA FO MP PP MP PK MP
------------------------------------------------------------------------------------
Andre Burakovsky 0 1 1 0 2 2 3 0 0 0 1/3 21:16 3:18 1:13
Bo Horvat 0 1 1 0 0 2 0 0 0 1 16/32 19:58 3:18 0:00
Brandon Montour 0 0 0 0 0 0 0 1 0 0 0/0 14:47 0:00 0:00
Calvin de Haan 0 3 3 4 0 2 1 1 0 3 0/0 29:27 4:20 2:15
Colton Sissons 0 1 1 2 0 3 2 0 0 0 8/12 15:30 0:17 0:36
Dmitry Sinitsyn 0 1 1 -1 0 2 0 1 0 1 0/0 16:02 2:12 1:43
Iiro Pakarinen 1 1 2 0 0 3 1 1 0 0 1/1 20:05 3:25 0:00
Jacob Josefson 1 0 1 0 0 3 0 0 0 0 2/4 9:21 0:00 1:08
Justin Bailey 0 0 0 2 0 1 2 0 1 0 1/1 17:25 2:57 0:00
Kasperi Kapanen 1 0 1 1 0 2 4 2 2 1 0/0 9:52 0:00 0:00
Luca Sbisa 0 1 1 1 0 1 0 2 0 2 0/0 23:41 4:20 1:43
Lucas Lessio 2 0 2 2 0 12 2 0 1 0 0/0 15:54 0:17 1:07
Nick Ritchie 0 0 0 0 0 1 2 0 1 0 0/0 8:19 0:00 0:06
Paul Ladue 1 2 3 3 0 2 0 4 1 2 0/0 24:35 2:12 2:15
Roland McKeown 0 0 0 -1 0 0 1 0 0 0 0/0 11:28 0:00 0:00
Ryan Dzingel 1 0 1 1 2 1 0 0 0 0 0/1 14:00 2:57 1:03
Tom Kuhnhackl 0 1 1 0 0 1 0 0 0 0 0/0 9:16 0:10 0:36
Zac Dalpe 0 1 1 1 0 1 2 1 0 0 2/6 15:04 2:57 2:07
Players Stats for Sasquatch
Player Name G A P +/- PIM S H SB GA TA FO MP PP MP PK MP
------------------------------------------------------------------------------------
Brett Pesce 0 1 1 1 2 1 0 1 0 1 0/0 17:05 1:45 0:00
Brock Trotter 0 1 1 0 0 0 1 0 0 0 1/3 8:47 0:00 0:31
Devin Shore 0 0 0 -1 0 0 1 2 0 0 13/32 18:49 2:06 0:00
Dmitri Orlov 0 0 0 -2 0 0 1 1 0 0 0/0 13:42 1:45 0:00
Dylan DeMelo 0 0 0 -2 0 1 0 0 0 1 0/0 15:09 0:00 3:12
Dylan Sikura 0 0 0 0 2 0 1 0 0 1 0/0 10:48 0:00 0:00
Garret Ross 0 0 0 -2 2 1 1 0 1 0 0/0 15:46 2:06 0:00
Ian Cole 0 0 0 -2 0 2 0 2 0 0 0/0 25:28 2:13 3:12
Jerry D'Amigo 0 1 1 0 0 1 2 0 0 0 0/1 10:10 0:00 1:59
Jujhar Khaira 0 1 1 -1 0 1 2 0 0 0 3/4 22:23 1:52 3:54
Martin Marincin 0 0 0 1 0 0 2 0 0 1 0/0 20:50 0:00 3:20
Matt Halischuk 1 0 1 -1 2 5 3 0 1 0 1/1 18:55 2:06 0:00
Patrick Wey 0 0 0 -2 0 1 0 0 1 1 0/0 27:50 2:13 3:20
Petr Straka 0 0 0 -2 0 2 2 1 1 1 1/2 16:35 1:52 0:56
Quinton Howden 1 0 1 0 0 1 1 0 3 0 4/5 10:49 0:00 0:00
Sergey Kalinin 0 0 0 -2 0 2 0 3 1 0 5/11 17:27 0:00 3:45
T.J. Tynan 1 0 1 0 0 6 0 0 0 0 1/1 9:43 1:52 0:00
Teemu Hartikainen 0 0 0 0 0 3 2 1 2 0 0/0 13:08 0:00 1:59
3 Stars
1 - Paul Ladue (VJB)
2 - Lucas Lessio (VJB)
3 - Calvin de Haan (VJB)
Power Play
Influenza - 1 on 4 Attempt(s) - 25.00%
Sasquatch - 0 on 2 Attempt(s) - 0.00%
Penalty Kill
Influenza - 2 on 2 Attempt(s) - 100.00%
- Score 0 goal in Penalty Kill
Sasquatch - 3 on 4 Attempt(s) - 75.00%
- Score 0 goal in Penalty Kill
Team Stat
Influenza - Hits : 20 - Faceoff Wins : 31 - Blocked Shots : 13 - Penalty Minutes : 4
Sasquatch - Hits : 19 - Faceoff Wins : 29 - Blocked Shots : 11 - Penalty Minutes : 8
Official
Referees : Unknown
Linesman : Unknown
Game Notes
14:26 of 2nd period - Sasquatch goal is going for a video replay. After video review, Goal.
Joonas Korpisalo enters game at 0:53 of 3rd period
Finance
Level 1 -- Attendance: 1437 (71.85%) -- Ticket Income $57,480
Level 2 -- Attendance: 699 (69.90%) -- Ticket Income $13,980
Total Attendance: 2136 (71.20%)
Total Ticket Income: $71,460
Other Income: $3,573
Total Income: $75,033
Influenza
5 vs 5 Forward
Center Left Wing Right Wing Time % Phy DF OF
1 Bo Horvat Andre Burakovsky Iiro Pakarinen 40 1 2 2
2 Colton Sissons Lucas Lessio Justin Bailey 30 1 2 2
3 Zac Dalpe Ryan Dzingel Kasperi Kapanen 20 1 2 2
4 Jacob Josefson Nick Ritchie Tom Kuhnhackl 10 1 2 2
5 vs 5 Defense
Defense Defense Time % Phy DF OF
1 Calvin de Haan Paul Ladue 40 1 2 2
2 Luca Sbisa Brandon Montour 30 1 2 2
3 Dmitry Sinitsyn Roland McKeown 20 1 2 2
4 Calvin de Haan Luca Sbisa 10 1 2 2
PowerPlay Forward
Center Left Wing Right Wing Time % Phy DF OF
1 Bo Horvat Andre Burakovsky Iiro Pakarinen 60 1 2 2
2 Zac Dalpe Ryan Dzingel Justin Bailey 40 1 2 2
PowerPlay Defense
Defense Defense Time % Phy DF OF
1 Calvin de Haan Luca Sbisa 60 1 2 2
2 Paul Ladue Dmitry Sinitsyn 40 1 2 2
Penalty Kill 4 Players Forward
Center Wing Time % Phy DF OF
1 Zac Dalpe Ryan Dzingel 60 1 2 2
2 Colton Sissons Tom Kuhnhackl 40 1 2 2
Penalty Kill 4 Players Defense
Defense Defense Time % Phy DF OF
1 Calvin de Haan Paul Ladue 60 1 2 2
2 Luca Sbisa Dmitry Sinitsyn 40 1 2 2
Penalty Kill - 3 Players Forward
Forward Time % Phy DF OF
1 Zac Dalpe 60 1 2 2
2 Colton Sissons 40 1 2 2
Penalty Kill - 3 Players Defense
Defense Defense Time % Phy DF OF
1 Calvin de Haan Paul Ladue 60 1 2 2
2 Luca Sbisa Dmitry Sinitsyn 40 1 2 2
4 vs 4 Forward
Center Wing Time % Phy DF OF
1 Bo Horvat Andre Burakovsky 60 1 2 2
2 Zac Dalpe Iiro Pakarinen 40 1 2 2
4 vs 4 Defense
Defense Defense Time % Phy DF OF
1 Calvin de Haan Paul Ladue 60 1 2 2
2 Luca Sbisa Dmitry Sinitsyn 40 1 2 2
Last Minutes Offensive
Center Left Wing Right Wing Defense Defense
Bo Horvat Andre Burakovsky Iiro Pakarinen Calvin de Haan Paul Ladue
Last Minutes Defensive
Center Left Wing Right Wing Defense Defense
Zac Dalpe Andre Burakovsky Iiro Pakarinen Calvin de Haan Paul Ladue
Goaltenders
Starting : Malcolm Subban
Backup : Tyson Sexsmith
Extra Forwards
Normal : Lucas Lessio, Iiro Pakarinen, Andre Burakovsky - PP : Lucas Lessio, Colton Sissons - PK : Andre Burakovsky
Extra Defensemen
Normal : Luca Sbisa, Dmitry Sinitsyn, Calvin de Haan - PP : Brandon Montour - PK : Paul Ladue, Brandon Montour
Penalty Shots
Andre Burakovsky, Bo Horvat, Zac Dalpe, Justin Bailey, Calvin de Haan
Scratches
Jordan Schroeder (Healthy), Shane Prince (Healthy), Jeff Corbett (Healthy), Henri Ikonen (Healthy), Johan Larsson (Healthy)
Tim Erixon (Healthy), Mitchell Moroz (Healthy), Josh Andrerson (Healthy), Jesse Graham (Healthy), Jake Walman (Healthy)
Conner Bleackley (Healthy), Brycen Martin (Healthy), Jaden Lindo (Healthy), Jamie Phillips (Healthy)
Sasquatch
5 vs 5 Forward
Center Left Wing Right Wing Time % Phy DF OF
1 Devin Shore Jujhar Khaira Matt Halischuk 40 1 2 2
2 Sergey Kalinin Garret Ross Petr Straka 30 1 2 2
3 Quinton Howden Teemu Hartikainen Dylan Sikura 20 1 2 2
4 T.J. Tynan Brock Trotter Jerry D'Amigo 10 1 2 2
5 vs 5 Defense
Defense Defense Time % Phy DF OF
1 Ian Cole Patrick Wey 40 1 2 2
2 Brett Pesce Martin Marincin 30 1 2 2
3 Dmitri Orlov Dylan DeMelo 20 1 2 2
4 Martin Marincin Patrick Wey 10 1 2 2
PowerPlay Forward
Center Left Wing Right Wing Time % Phy DF OF
1 Devin Shore Garret Ross Matt Halischuk 60 1 2 2
2 T.J. Tynan Jujhar Khaira Petr Straka 40 1 2 2
PowerPlay Defense
Defense Defense Time % Phy DF OF
1 Ian Cole Patrick Wey 60 1 2 2
2 Dmitri Orlov Brett Pesce 40 1 2 2
Penalty Kill 4 Players Forward
Center Wing Time % Phy DF OF
1 Sergey Kalinin Jujhar Khaira 60 1 2 2
2 Jerry D'Amigo Teemu Hartikainen 40 1 2 2
Penalty Kill 4 Players Defense
Defense Defense Time % Phy DF OF
1 Patrick Wey Martin Marincin 60 1 2 2
2 Dylan DeMelo Ian Cole 40 1 2 2
Penalty Kill - 3 Players Forward
Forward Time % Phy DF OF
1 Brock Trotter 60 1 2 2
2 Quinton Howden 40 1 2 2
Penalty Kill - 3 Players Defense
Defense Defense Time % Phy DF OF
1 Ian Cole Martin Marincin 60 1 2 2
2 Patrick Wey Dylan DeMelo 40 1 2 2
4 vs 4 Forward
Center Wing Time % Phy DF OF
1 Quinton Howden Matt Halischuk 60 1 2 2
2 Sergey Kalinin Jujhar Khaira 40 1 2 2
4 vs 4 Defense
Defense Defense Time % Phy DF OF
1 Ian Cole Martin Marincin 60 1 2 2
2 Patrick Wey Brett Pesce 40 1 2 2
Last Minutes Offensive
Center Left Wing Right Wing Defense Defense
Devin Shore Jujhar Khaira Matt Halischuk Ian Cole Dmitri Orlov
Last Minutes Defensive
Center Left Wing Right Wing Defense Defense
Sergey Kalinin Teemu Hartikainen Matt Halischuk Martin Marincin Patrick Wey
Goaltenders
Starting : Corey Crawford
Backup : Joonas Korpisalo
Extra Forwards
Normal : T.J. Tynan, Devin Shore, Petr Straka - PP : Sergey Kalinin, Quinton Howden - PK : Petr Straka
Extra Defensemen
Normal : Dmitri Orlov, Brett Pesce, Dylan DeMelo - PP : Brett Pesce - PK : Brett Pesce, Dmitri Orlov
Penalty Shots
Devin Shore, Matt Halischuk, Petr Straka, Brock Trotter, Garret Ross
Scratches
Jimmy Vesey (Healthy), Nikita Nesterov (Healthy), Hudson Fasching (Healthy), Christoffer Ehn (Healthy), Alex Lintuniemi (Healthy)
Cal Petersen (Healthy)
% Time on Ice - Influenza
Lines # - Real PCT - Wanted PCT - Time Play
Normal Forward
1 - 34% - 40% - 16:50
2 - 29% - 30% - 14:35
3 - 20% - 20% - 9:52
4 - 17% - 10% - 8:13
Normal Defense
1 - 40% - 40% - 20:01
2 - 31% - 30% - 15:22
3 - 23% - 20% - 11:28
4 - 5% - 10% - 2:39
PP Forward
1 - 55% - 60% - 3:35
2 - 45% - 40% - 2:57
PP Defense
1 - 66% - 60% - 4:20
2 - 34% - 40% - 2:12
PK Forward
1 - 85% - 60% - 3:22
2 - 15% - 40% - 0:36
PK Defense
1 - 57% - 60% - 2:15
2 - 43% - 40% - 1:43
PK3 Forward
1 - 0% - 60%
2 - 0% - 40%
PK3 Defense
1 - 0% - 60%
2 - 0% - 40%
44 Forward
1 - 0% - 60%
2 - 0% - 40%
44 Defense
1 - 0% - 60%
2 - 0% - 40%
Last Minute Offensive - 0:00
Last Minute Defensive - 0:00
Total
Forward - 60:00
Defense - 60:00
|
% Time on Ice - Sasquatch
Lines # - Real PCT - Wanted PCT - Time Play
Normal Forward
1 - 34% - 40% - 16:48
2 - 28% - 30% - 14:02
3 - 22% - 20% - 10:49
4 - 16% - 10% - 7:51
Normal Defense
1 - 40% - 40% - 19:40
2 - 32% - 30% - 15:39
3 - 23% - 20% - 11:34
4 - 5% - 10% - 2:37
PP Forward
1 - 53% - 60% - 2:06
2 - 47% - 40% - 1:52
PP Defense
1 - 56% - 60% - 2:13
2 - 44% - 40% - 1:45
PK Forward
1 - 70% - 60% - 4:33
2 - 30% - 40% - 1:59
PK Defense
1 - 51% - 60% - 3:20
2 - 49% - 40% - 3:12
PK3 Forward
1 - 0% - 60%
2 - 0% - 40%
PK3 Defense
1 - 0% - 60%
2 - 0% - 40%
44 Forward
1 - 0% - 60%
2 - 0% - 40%
44 Defense
1 - 0% - 60%
2 - 0% - 40%
Last Minute Offensive - 0:00
Last Minute Defensive - 0:00
Total
Forward - 60:00
Defense - 60:00
|
Play-by-Play
1st period
0:01 of 1st period - Bo Horvat wins face-off versus Devin Shore in neutral zone.
0:25 of 1st period - Sergey Kalinin is hit by Colton Sissons and loses puck.
0:32 of 1st period - Backhand shot by Lucas Lessio.
0:32 of 1st period - Stopped by Corey Crawford with a rebound.
0:34 of 1st period - Slapshot by Calvin de Haan.
0:34 of 1st period - Shot Misses the Net.
1:04 of 1st period - Patrick Wey is hit by Andre Burakovsky and loses puck.
2:15 of 1st period - Wrist shot by Quinton Howden.
2:15 of 1st period - Deflect By Teemu Hartikainen.
2:15 of 1st period - Deflect By Zac Dalpe.
2:15 of 1st period - Shot Misses the Net.
2:15 of 1st period - Puck is out of play.
2:16 of 1st period - Devin Shore wins face-off versus Andre Burakovsky in Influenza zone.
2:17 of 1st period - Snap shot by Matt Halischuk.
2:17 of 1st period - Stopped by Malcolm Subban without a rebound.
2:18 of 1st period - Devin Shore wins face-off versus Bo Horvat in Influenza zone.
2:49 of 1st period - Icing by Dmitri Orlov.
2:50 of 1st period - Andre Burakovsky wins face-off versus Sergey Kalinin in Sasquatch zone.
3:29 of 1st period - Snap shot by Sergey Kalinin.
3:29 of 1st period - Stopped by Malcolm Subban without a rebound.
3:30 of 1st period - Colton Sissons wins face-off versus Devin Shore in Influenza zone.
3:30 of 1st period - Colton Sissons is hit by Matt Halischuk.
3:36 of 1st period - Wrist shot by Justin Bailey.
3:36 of 1st period - Stopped by Corey Crawford without a rebound.
3:37 of 1st period - Colton Sissons wins face-off versus Devin Shore in Sasquatch zone.
3:38 of 1st period - Snap shot by Lucas Lessio.
3:38 of 1st period - Stopped by Corey Crawford with a rebound.
3:42 of 1st period - Slapshot by Lucas Lessio.
3:42 of 1st period - Stopped by Corey Crawford with a rebound.
3:44 of 1st period - Slapshot by Lucas Lessio.
3:44 of 1st period - Stopped by Corey Crawford with a rebound.
4:43 of 1st period - Brandon Montour is hit by Garret Ross and loses puck.
4:56 of 1st period - Wrist shot by Petr Straka.
4:56 of 1st period - Shot Misses the Net.
6:36 of 1st period - Snap shot by Matt Halischuk.
6:36 of 1st period - Shot Blocked by Paul Ladue.
6:50 of 1st period - Dylan Sikura is hit by Kasperi Kapanen and loses puck.
6:59 of 1st period - Snap shot by Kasperi Kapanen.
6:59 of 1st period - Stopped by Corey Crawford with a rebound.
7:01 of 1st period - Slapshot by Dmitry Sinitsyn.
7:01 of 1st period - Deflect By Kasperi Kapanen.
7:01 of 1st period - Goal by Kasperi Kapanen - Influenza : 1 - Sasquatch : 0.
7:02 of 1st period - Bo Horvat wins face-off versus Devin Shore in neutral zone.
7:56 of 1st period - Slapshot by Nick Ritchie.
7:56 of 1st period - Shot Misses the Net.
8:04 of 1st period - Minor Penalty to Dylan Sikura for Hooking.
8:05 of 1st period - Jujhar Khaira wins face-off versus Bo Horvat in Sasquatch zone.
8:20 of 1st period - Snap shot by Andre Burakovsky.
8:20 of 1st period - Shot Misses the Net.
8:30 of 1st period - Ian Cole is hit by Zac Dalpe and loses puck.
8:35 of 1st period - Backhand shot by Ryan Dzingel.
8:35 of 1st period - Shot Blocked by Sergey Kalinin.
8:37 of 1st period - Snap shot by Paul Ladue.
8:37 of 1st period - Shot Blocked by Sergey Kalinin.
8:39 of 1st period - Snap shot by Ryan Dzingel.
8:39 of 1st period - Goal by Ryan Dzingel - Influenza : 2 - Sasquatch : 0.
8:40 of 1st period - Bo Horvat wins face-off versus Devin Shore in neutral zone.
9:05 of 1st period - Andre Burakovsky is hit by Quinton Howden and loses puck.
9:18 of 1st period - Snap shot by Iiro Pakarinen.
9:18 of 1st period - Stopped by Corey Crawford with a rebound.
10:16 of 1st period - Snap shot by Jujhar Khaira.
10:16 of 1st period - Deflect By Tom Kuhnhackl.
10:16 of 1st period - Shot Misses the Net.
10:16 of 1st period - Puck is out of play.
10:17 of 1st period - Devin Shore wins face-off versus Jacob Josefson in Influenza zone.
10:22 of 1st period - Slapshot by Matt Halischuk.
10:22 of 1st period - Shot Blocked by Luca Sbisa.
10:24 of 1st period - Snap shot by Jujhar Khaira.
10:24 of 1st period - Stopped by Malcolm Subban without a rebound.
10:25 of 1st period - Matt Halischuk wins face-off versus Bo Horvat in Influenza zone.
10:50 of 1st period - Slapshot by Teemu Hartikainen.
10:50 of 1st period - Stopped by Malcolm Subban without a rebound.
10:51 of 1st period - Quinton Howden wins face-off versus Colton Sissons in Influenza zone.
11:37 of 1st period - Ian Cole is hit by Roland McKeown and loses puck.
11:58 of 1st period - Snap shot by Jerry D'Amigo.
11:58 of 1st period - Stopped by Malcolm Subban with a rebound.
12:00 of 1st period - Snap shot by T.J. Tynan.
12:00 of 1st period - Stopped by Malcolm Subban without a rebound.
12:01 of 1st period - Colton Sissons wins face-off versus Brock Trotter in Influenza zone.
12:45 of 1st period - Minor Penalty to Andre Burakovsky for Hooking.
12:46 of 1st period - Devin Shore wins face-off versus Zac Dalpe in Influenza zone.
12:47 of 1st period - Wrist shot by Matt Halischuk.
12:47 of 1st period - Stopped by Malcolm Subban with a rebound.
13:25 of 1st period - Snap shot by Petr Straka.
13:25 of 1st period - Shot Misses the Net.
14:45 of 1st period - Penalty to Andre Burakovsky is over, Andre Burakovsky is back on ice.
14:46 of 1st period - Colton Sissons is hit by Devin Shore and loses puck.
15:33 of 1st period - Martin Marincin is hit by Nick Ritchie and loses puck.
15:52 of 1st period - Teemu Hartikainen is hit by Iiro Pakarinen and loses puck.
16:06 of 1st period - Icing by Kasperi Kapanen.
16:07 of 1st period - T.J. Tynan wins face-off versus Colton Sissons in Influenza zone.
16:14 of 1st period - T.J. Tynan is hit by Justin Bailey and loses puck.
16:29 of 1st period - Snap shot by Zac Dalpe.
16:29 of 1st period - Deflect By Ryan Dzingel.
16:29 of 1st period - Shot Misses the Net.
16:29 of 1st period - Puck is out of play.
16:30 of 1st period - Quinton Howden wins face-off versus Ryan Dzingel in Sasquatch zone.
17:16 of 1st period - Wrist shot by Iiro Pakarinen.
17:16 of 1st period - Shot Misses the Net.
17:43 of 1st period - Snap shot by T.J. Tynan.
17:43 of 1st period - Stopped by Malcolm Subban without a rebound.
17:44 of 1st period - Bo Horvat wins face-off versus Quinton Howden in Influenza zone.
17:44 of 1st period - Bo Horvat is hit by Teemu Hartikainen.
17:56 of 1st period - Wrist shot by Andre Burakovsky.
17:56 of 1st period - Shot Misses the Net.
18:39 of 1st period - Snap shot by T.J. Tynan.
18:39 of 1st period - Stopped by Malcolm Subban with a rebound.
18:41 of 1st period - Snap shot by Jerry D'Amigo.
18:41 of 1st period - Shot Blocked by Calvin de Haan.
18:43 of 1st period - Slapshot by Jerry D'Amigo.
18:43 of 1st period - Shot Misses the Net.
18:45 of 1st period - Slapshot by Brett Pesce.
18:45 of 1st period - Stopped by Malcolm Subban with a rebound.
18:47 of 1st period - Snap shot by T.J. Tynan.
18:47 of 1st period - Stopped by Malcolm Subban with a rebound.
18:54 of 1st period - Icing by Ryan Dzingel.
18:55 of 1st period - Zac Dalpe wins face-off versus Sergey Kalinin in Influenza zone.
19:02 of 1st period - Snap shot by Andre Burakovsky.
19:02 of 1st period - Shot Misses the Net.
19:30 of 1st period - Wrist shot by Lucas Lessio.
19:30 of 1st period - Shot Blocked by Dmitri Orlov.
19:32 of 1st period - Snap shot by Lucas Lessio.
19:32 of 1st period - Stopped by Corey Crawford with a rebound.
19:59 of 1st period - Off-side.
Goals for this period are 2 for Influenza vs 0 for Sasquatch.
Shots for this period are 10 for Influenza vs 11 for Sasquatch.
2nd period
0:01 of 2nd period - Devin Shore wins face-off versus Bo Horvat in neutral zone.
0:06 of 2nd period - Snap shot by Matt Halischuk.
0:06 of 2nd period - Stopped by Malcolm Subban without a rebound.
0:07 of 2nd period - Bo Horvat wins face-off versus Devin Shore in Influenza zone.
0:39 of 2nd period - Wrist shot by Devin Shore.
0:39 of 2nd period - Deflect By Matt Halischuk.
0:39 of 2nd period - Shot Misses the Net.
0:39 of 2nd period - Puck is out of play.
0:40 of 2nd period - Colton Sissons wins face-off versus Sergey Kalinin in Influenza zone.
0:40 of 2nd period - Colton Sissons is hit by Martin Marincin.
0:48 of 2nd period - Dmitry Sinitsyn is hit by Martin Marincin and loses puck.
1:07 of 2nd period - Quinton Howden is hit by Kasperi Kapanen and loses puck.
1:50 of 2nd period - Slapshot by Calvin de Haan.
1:50 of 2nd period - Shot Misses the Net.
3:08 of 2nd period - Paul Ladue is hit by Jerry D'Amigo and loses puck.
5:55 of 2nd period - Wrist shot by Colton Sissons.
5:55 of 2nd period - Shot Misses the Net.
5:57 of 2nd period - Slapshot by Paul Ladue.
5:57 of 2nd period - Stopped by Corey Crawford without a rebound.
5:58 of 2nd period - Devin Shore wins face-off versus Zac Dalpe in Sasquatch zone.
6:27 of 2nd period - Wrist shot by Andre Burakovsky.
6:27 of 2nd period - Stopped by Corey Crawford without a rebound.
6:28 of 2nd period - Sergey Kalinin wins face-off versus Andre Burakovsky in Sasquatch zone.
6:28 of 2nd period - Sergey Kalinin is hit by Andre Burakovsky.
6:40 of 2nd period - Wrist shot by Petr Straka.
6:40 of 2nd period - Stopped by Malcolm Subban with a rebound.
7:01 of 2nd period - Dmitry Sinitsyn is hit by Matt Halischuk and loses puck.
7:06 of 2nd period - Snap shot by Matt Halischuk.
7:06 of 2nd period - Stopped by Malcolm Subban without a rebound.
7:07 of 2nd period - Quinton Howden wins face-off versus Zac Dalpe in Influenza zone.
7:32 of 2nd period - Snap shot by Garret Ross.
7:32 of 2nd period - Stopped by Malcolm Subban without a rebound.
7:33 of 2nd period - Sergey Kalinin wins face-off versus Bo Horvat in Influenza zone.
8:04 of 2nd period - Snap shot by Lucas Lessio.
8:04 of 2nd period - Deflect By Colton Sissons.
8:04 of 2nd period - Stopped by Corey Crawford with a rebound.
8:06 of 2nd period - Slapshot by Paul Ladue.
8:06 of 2nd period - Deflect By Lucas Lessio.
8:06 of 2nd period - Stopped by Corey Crawford without a rebound.
8:07 of 2nd period - Bo Horvat wins face-off versus Devin Shore in Sasquatch zone.
8:45 of 2nd period - Backhand shot by Lucas Lessio.
8:45 of 2nd period - Shot Misses the Net.
9:03 of 2nd period - Slapshot by Brock Trotter.
9:03 of 2nd period - Shot Blocked by Luca Sbisa.
9:05 of 2nd period - Slapshot by Brett Pesce.
9:05 of 2nd period - Shot Blocked by Brandon Montour.
9:56 of 2nd period - Wrist shot by Lucas Lessio.
9:56 of 2nd period - Stopped by Corey Crawford without a rebound.
9:57 of 2nd period - Colton Sissons wins face-off versus Sergey Kalinin in Sasquatch zone.
10:08 of 2nd period - Snap shot by Garret Ross.
10:08 of 2nd period - Shot Misses the Net.
10:25 of 2nd period - Wrist shot by Garret Ross.
10:25 of 2nd period - Shot Misses the Net.
10:31 of 2nd period - Snap shot by Calvin de Haan.
10:31 of 2nd period - Shot Misses the Net.
10:33 of 2nd period - Slapshot by Paul Ladue.
10:33 of 2nd period - Shot Misses the Net.
10:35 of 2nd period - Slapshot by Lucas Lessio.
10:35 of 2nd period - Goal by Lucas Lessio - Influenza : 3 - Sasquatch : 0.
10:36 of 2nd period - Bo Horvat wins face-off versus Devin Shore in neutral zone.
10:41 of 2nd period - Slapshot by Calvin de Haan.
10:41 of 2nd period - Shot Misses the Net.
10:43 of 2nd period - Minor Penalty to Matt Halischuk for High sticking.
10:44 of 2nd period - Bo Horvat wins face-off versus Sergey Kalinin in Sasquatch zone.
11:42 of 2nd period - Ian Cole is hit by Zac Dalpe and loses puck.
11:59 of 2nd period - Snap shot by Teemu Hartikainen.
11:59 of 2nd period - Stopped by Malcolm Subban with a rebound.
12:43 of 2nd period - Penalty to Matt Halischuk is over, Matt Halischuk is back on ice.
13:01 of 2nd period - Off-side.
13:02 of 2nd period - Jacob Josefson wins face-off versus Brock Trotter in neutral zone.
13:29 of 2nd period - Wrist shot by Bo Horvat.
13:29 of 2nd period - Stopped by Corey Crawford with a rebound.
13:31 of 2nd period - Snap shot by Iiro Pakarinen.
13:31 of 2nd period - Shot Misses the Net.
13:48 of 2nd period - Lucas Lessio is hit by Petr Straka and loses puck.
13:59 of 2nd period - Calvin de Haan is hit by Teemu Hartikainen and loses puck.
14:08 of 2nd period - Snap shot by Colton Sissons.
14:08 of 2nd period - Shot Misses the Net.
14:22 of 2nd period - Wrist shot by T.J. Tynan.
14:22 of 2nd period - Deflect By Brock Trotter.
14:22 of 2nd period - Shot Blocked by Paul Ladue.
14:22 of 2nd period - Puck is out of play.
14:23 of 2nd period - Brock Trotter wins face-off versus Bo Horvat in Influenza zone.
14:24 of 2nd period - Snap shot by Jerry D'Amigo.
14:24 of 2nd period - Deflect By T.J. Tynan.
14:24 of 2nd period - Stopped by Malcolm Subban with a rebound.
14:26 of 2nd period - Snap shot by T.J. Tynan.
14:26 of 2nd period - Sasquatch goal is going for a video replay.
14:26 of 2nd period - The goal is good.
14:26 of 2nd period - Goal by T.J. Tynan - Influenza : 3 - Sasquatch : 1.
14:27 of 2nd period - Devin Shore wins face-off versus Bo Horvat in neutral zone.
14:30 of 2nd period - Bo Horvat is hit by Jujhar Khaira and loses puck.
14:59 of 2nd period - Minor Penalty to Garret Ross for Hooking.
15:00 of 2nd period - Sergey Kalinin wins face-off versus Bo Horvat in Sasquatch zone.
16:59 of 2nd period - Penalty to Garret Ross is over, Garret Ross is back on ice.
17:20 of 2nd period - Dmitry Sinitsyn is hit by Dylan Sikura and loses puck.
17:47 of 2nd period - Minor Penalty to Ryan Dzingel for Unsportsmanlike conduct.
17:48 of 2nd period - Zac Dalpe wins face-off versus Devin Shore in Influenza zone.
18:18 of 2nd period - Wrist shot by Petr Straka.
18:18 of 2nd period - Shot Blocked by Paul Ladue.
18:22 of 2nd period - Slapshot by Petr Straka.
18:22 of 2nd period - Stopped by Malcolm Subban without a rebound.
18:23 of 2nd period - Devin Shore wins face-off versus Zac Dalpe in Influenza zone.
19:47 of 2nd period - Penalty to Ryan Dzingel is over, Ryan Dzingel is back on ice.
Goals for this period are 1 for Influenza vs 1 for Sasquatch.
Shots for this period are 7 for Influenza vs 8 for Sasquatch.
3rd period
0:01 of 3rd period - Devin Shore wins face-off versus Bo Horvat in neutral zone.
0:37 of 3rd period - Slapshot by Sergey Kalinin.
0:37 of 3rd period - Stopped by Malcolm Subban without a rebound.
0:38 of 3rd period - Bo Horvat wins face-off versus Devin Shore in Influenza zone.
0:45 of 3rd period - Wrist shot by Iiro Pakarinen.
0:45 of 3rd period - Deflect By Andre Burakovsky.
0:45 of 3rd period - Shot Misses the Net.
0:45 of 3rd period - Puck is out of play.
0:46 of 3rd period - Bo Horvat wins face-off versus Devin Shore in Sasquatch zone.
0:49 of 3rd period - Snap shot by Iiro Pakarinen.
0:49 of 3rd period - Shot Misses the Net.
0:51 of 3rd period - Slapshot by Calvin de Haan.
0:51 of 3rd period - Shot Blocked by Brett Pesce.
0:53 of 3rd period - Backhand shot by Iiro Pakarinen.
0:53 of 3rd period - Goal by Iiro Pakarinen - Influenza : 4 - Sasquatch : 1.
0:53 of 3rd period - Joonas Korpisalo enters game.
0:54 of 3rd period - Jujhar Khaira wins face-off versus Bo Horvat in neutral zone.
1:19 of 3rd period - Petr Straka is hit by Calvin de Haan and loses puck.
1:28 of 3rd period - Sergey Kalinin is hit by Colton Sissons and loses puck.
1:43 of 3rd period - Snap shot by Nick Ritchie.
1:43 of 3rd period - Deflect By Tom Kuhnhackl.
1:43 of 3rd period - Shot Misses the Net.
1:43 of 3rd period - Puck is out of play.
1:44 of 3rd period - Jacob Josefson wins face-off versus Devin Shore in Sasquatch zone.
1:49 of 3rd period - Wrist shot by Jacob Josefson.
1:49 of 3rd period - Stopped by Joonas Korpisalo with a rebound.
1:51 of 3rd period - Slapshot by Nick Ritchie.
1:51 of 3rd period - Stopped by Joonas Korpisalo with a rebound.
2:18 of 3rd period - Slapshot by Teemu Hartikainen.
2:18 of 3rd period - Stopped by Malcolm Subban without a rebound.
2:19 of 3rd period - Justin Bailey wins face-off versus Devin Shore in Influenza zone.
2:19 of 3rd period - Justin Bailey is hit by Jujhar Khaira.
2:29 of 3rd period - Snap shot by Colton Sissons.
2:29 of 3rd period - Deflect By Justin Bailey.
2:29 of 3rd period - Shot Misses the Net.
2:29 of 3rd period - Puck is out of play.
2:30 of 3rd period - Iiro Pakarinen wins face-off versus Devin Shore in Sasquatch zone.
2:35 of 3rd period - Wrist shot by Andre Burakovsky.
2:35 of 3rd period - Deflect By Bo Horvat.
2:35 of 3rd period - Shot Misses the Net.
2:35 of 3rd period - Puck is out of play.
2:36 of 3rd period - Devin Shore wins face-off versus Bo Horvat in Sasquatch zone.
3:13 of 3rd period - Garret Ross is hit by Lucas Lessio and loses puck.
3:28 of 3rd period - Backhand shot by Quinton Howden.
3:28 of 3rd period - Shot Misses the Net.
3:30 of 3rd period - Wrist shot by Teemu Hartikainen.
3:30 of 3rd period - Shot Misses the Net.
3:50 of 3rd period - Slapshot by Dmitry Sinitsyn.
3:50 of 3rd period - Stopped by Joonas Korpisalo without a rebound.
3:51 of 3rd period - Devin Shore wins face-off versus Bo Horvat in Sasquatch zone.
4:16 of 3rd period - Wrist shot by Andre Burakovsky.
4:16 of 3rd period - Shot Blocked by Devin Shore.
4:18 of 3rd period - Slapshot by Paul Ladue.
4:18 of 3rd period - Shot Blocked by Devin Shore.
4:20 of 3rd period - Slapshot by Calvin de Haan.
4:20 of 3rd period - Stopped by Joonas Korpisalo without a rebound.
4:21 of 3rd period - Petr Straka wins face-off versus Colton Sissons in Sasquatch zone.
6:03 of 3rd period - Slapshot by Petr Straka.
6:03 of 3rd period - Shot Blocked by Dmitry Sinitsyn.
6:38 of 3rd period - Justin Bailey is hit by Matt Halischuk and loses puck.
6:44 of 3rd period - Icing by Paul Ladue.
6:45 of 3rd period - Colton Sissons wins face-off versus Devin Shore in Influenza zone.
6:52 of 3rd period - Patrick Wey is hit by Justin Bailey and loses puck.
6:59 of 3rd period - Snap shot by Lucas Lessio.
6:59 of 3rd period - Goal by Lucas Lessio - Influenza : 5 - Sasquatch : 1.
7:00 of 3rd period - Bo Horvat wins face-off versus Devin Shore in neutral zone.
7:16 of 3rd period - Slapshot by Ian Cole.
7:16 of 3rd period - Stopped by Malcolm Subban with a rebound.
8:10 of 3rd period - Snap shot by Quinton Howden.
8:10 of 3rd period - Deflect By Jacob Josefson.
8:10 of 3rd period - Goal by Quinton Howden - Influenza : 5 - Sasquatch : 2.
8:11 of 3rd period - Jujhar Khaira wins face-off versus Bo Horvat in neutral zone.
8:43 of 3rd period - Snap shot by Sergey Kalinin.
8:43 of 3rd period - Shot Misses the Net.
8:45 of 3rd period - Slapshot by Dylan DeMelo.
8:45 of 3rd period - Stopped by Malcolm Subban with a rebound.
8:56 of 3rd period - Calvin de Haan is hit by Dmitri Orlov and loses puck.
9:21 of 3rd period - Dmitri Orlov is hit by Nick Ritchie and loses puck.
9:43 of 3rd period - Snap shot by Jujhar Khaira.
9:43 of 3rd period - Shot Misses the Net.
9:45 of 3rd period - Slapshot by Jujhar Khaira.
9:45 of 3rd period - Shot Misses the Net.
9:47 of 3rd period - Wrist shot by Matt Halischuk.
9:47 of 3rd period - Goal by Matt Halischuk - Influenza : 5 - Sasquatch : 3.
9:48 of 3rd period - Devin Shore wins face-off versus Bo Horvat in neutral zone.
9:53 of 3rd period - Slapshot by Patrick Wey.
9:53 of 3rd period - Stopped by Malcolm Subban with a rebound.
9:55 of 3rd period - Snap shot by Matt Halischuk.
9:55 of 3rd period - Shot Misses the Net.
9:57 of 3rd period - Snap shot by Jujhar Khaira.
9:57 of 3rd period - Shot Blocked by Iiro Pakarinen.
9:59 of 3rd period - Slapshot by Ian Cole.
9:59 of 3rd period - Stopped by Malcolm Subban with a rebound.
10:03 of 3rd period - Wrist shot by Jujhar Khaira.
10:03 of 3rd period - Shot Blocked by Paul Ladue.
10:22 of 3rd period - Calvin de Haan is hit by Petr Straka and loses puck.
10:39 of 3rd period - Zac Dalpe is hit by Brock Trotter and loses puck.
11:09 of 3rd period - Minor Penalty to Brett Pesce for Tripping.
11:10 of 3rd period - Sergey Kalinin wins face-off versus Bo Horvat in Sasquatch zone.
11:44 of 3rd period - Slapshot by Calvin de Haan.
11:44 of 3rd period - Shot Blocked by Teemu Hartikainen.
12:07 of 3rd period - Slapshot by Calvin de Haan.
12:07 of 3rd period - Deflect By Zac Dalpe.
12:07 of 3rd period - Stopped by Joonas Korpisalo without a rebound.
12:08 of 3rd period - Bo Horvat wins face-off versus Jerry D'Amigo in Sasquatch zone.
12:09 of 3rd period - Wrist shot by Andre Burakovsky.
12:09 of 3rd period - Shot Misses the Net.
12:11 of 3rd period - Slapshot by Dmitry Sinitsyn.
12:11 of 3rd period - Stopped by Joonas Korpisalo with a rebound.
12:13 of 3rd period - Wrist shot by Andre Burakovsky.
12:13 of 3rd period - Shot Misses the Net.
13:09 of 3rd period - Penalty to Brett Pesce is over, Brett Pesce is back on ice.
13:21 of 3rd period - Wrist shot by Quinton Howden.
13:21 of 3rd period - Deflect By Dmitry Sinitsyn.
13:21 of 3rd period - Shot Misses the Net.
13:21 of 3rd period - Puck is out of play.
13:22 of 3rd period - Quinton Howden wins face-off versus Jacob Josefson in Influenza zone.
13:49 of 3rd period - Snap shot by Lucas Lessio.
13:49 of 3rd period - Stopped by Joonas Korpisalo with a rebound.
13:51 of 3rd period - Wrist shot by Lucas Lessio.
13:51 of 3rd period - Stopped by Joonas Korpisalo with a rebound.
13:53 of 3rd period - Snap shot by Luca Sbisa.
13:53 of 3rd period - Stopped by Joonas Korpisalo with a rebound.
14:07 of 3rd period - Sergey Kalinin is hit by Kasperi Kapanen and loses puck.
14:29 of 3rd period - Snap shot by Andre Burakovsky.
14:29 of 3rd period - Stopped by Joonas Korpisalo with a rebound.
14:31 of 3rd period - Slapshot by Paul Ladue.
14:31 of 3rd period - Goal by Paul Ladue - Influenza : 6 - Sasquatch : 3.
14:32 of 3rd period - Bo Horvat wins face-off versus Devin Shore in neutral zone.
14:37 of 3rd period - Wrist shot by Andre Burakovsky.
14:37 of 3rd period - Shot Misses the Net.
14:39 of 3rd period - Snap shot by Bo Horvat.
14:39 of 3rd period - Stopped by Joonas Korpisalo with a rebound.
15:52 of 3rd period - Roland McKeown is hit by Jerry D'Amigo and loses puck.
16:01 of 3rd period - Backhand shot by Nick Ritchie.
16:01 of 3rd period - Shot Misses the Net.
16:05 of 3rd period - Wrist shot by Jacob Josefson.
16:05 of 3rd period - Stopped by Joonas Korpisalo without a rebound.
16:06 of 3rd period - Devin Shore wins face-off versus Bo Horvat in Sasquatch zone.
16:30 of 3rd period - Icing by Matt Halischuk.
16:31 of 3rd period - Colton Sissons wins face-off versus Devin Shore in Sasquatch zone.
16:36 of 3rd period - Snap shot by Colton Sissons.
16:36 of 3rd period - Stopped by Joonas Korpisalo without a rebound.
16:37 of 3rd period - Colton Sissons wins face-off versus Sergey Kalinin in Sasquatch zone.
16:38 of 3rd period - Snap shot by Lucas Lessio.
16:38 of 3rd period - Shot Blocked by Ian Cole.
16:40 of 3rd period - Snap shot by Colton Sissons.
16:40 of 3rd period - Stopped by Joonas Korpisalo with a rebound.
16:42 of 3rd period - Snap shot by Lucas Lessio.
16:42 of 3rd period - Stopped by Joonas Korpisalo without a rebound.
16:43 of 3rd period - Bo Horvat wins face-off versus Petr Straka in Sasquatch zone.
16:44 of 3rd period - Snap shot by Andre Burakovsky.
16:44 of 3rd period - Shot Blocked by Sergey Kalinin.
16:54 of 3rd period - Slapshot by Iiro Pakarinen.
16:54 of 3rd period - Stopped by Joonas Korpisalo with a rebound.
16:56 of 3rd period - Snap shot by Bo Horvat.
16:56 of 3rd period - Shot Blocked by Petr Straka.
16:58 of 3rd period - Snap shot by Calvin de Haan.
16:58 of 3rd period - Shot Blocked by Ian Cole.
17:08 of 3rd period - Petr Straka is hit by Kasperi Kapanen and loses puck.
17:19 of 3rd period - Slapshot by Sergey Kalinin.
17:19 of 3rd period - Shot Blocked by Kasperi Kapanen.
17:35 of 3rd period - Snap shot by Nick Ritchie.
17:35 of 3rd period - Shot Misses the Net.
17:37 of 3rd period - Wrist shot by Tom Kuhnhackl.
17:37 of 3rd period - Deflect By Garret Ross.
17:37 of 3rd period - Stopped by Joonas Korpisalo with a rebound.
17:39 of 3rd period - Slapshot by Luca Sbisa.
17:39 of 3rd period - Shot Misses the Net.
17:41 of 3rd period - Snap shot by Jacob Josefson.
17:41 of 3rd period - Goal by Jacob Josefson - Influenza : 7 - Sasquatch : 3.
17:42 of 3rd period - Bo Horvat wins face-off versus Devin Shore in neutral zone.
17:44 of 3rd period - Off-side.
17:45 of 3rd period - Bo Horvat wins face-off versus Jujhar Khaira in neutral zone.
18:10 of 3rd period - Quinton Howden is hit by Lucas Lessio.
18:19 of 3rd period - Slapshot by Calvin de Haan.
18:19 of 3rd period - Deflect By Quinton Howden.
18:19 of 3rd period - Stopped by Joonas Korpisalo with a rebound.
18:43 of 3rd period - Wrist shot by Garret Ross.
18:43 of 3rd period - Shot Blocked by Zac Dalpe.
18:45 of 3rd period - Slapshot by Patrick Wey.
18:45 of 3rd period - Shot Blocked by Kasperi Kapanen.
19:33 of 3rd period - Icing by Petr Straka.
19:34 of 3rd period - Sergey Kalinin wins face-off versus Colton Sissons in Sasquatch zone.
19:59 of 3rd period - Dmitri Orlov is hit by Andre Burakovsky and loses puck.
Goals for this period are 4 for Influenza vs 2 for Sasquatch.
Shots for this period are 22 for Influenza vs 8 for Sasquatch.
Back to the Top